 Dungeon Crawl Stone Soup version 0.30-a0-305-g026cb31310 (webtiles) character file.

Game seed: 853457446728921926

79 rogsnak the Chiller (level 4, -3/30 HPs)
             Began as a Demonspawn Ice Elementalist on Oct 23, 2022.
             Killed from afar by Natasha (9 damage)
             ... with a magic dart
             ... on level 3 of the Dungeon.
             The game lasted 00:03:59 (2334 turns).

rogsnak the Chiller (Demonspawn Ice Elementalist)   Turns: 2334, Time: 00:04:00

Health: -3/30      AC:  2    Str:  9    XL:     4   Next: 17%
Magic:  2/8        EV: 12    Int: 18    God:
Gold:   232        SH:  5    Dex: 13    Spells: 7/8 levels left

rFire   . . .      SeeInvis .    A - +2 whip (elec)
rCold   . . .      Faith    .    (no shield)
rNeg    + . .      Spirit   .    a - +0 robe
rPois   .          Reflect  +    (no helmet)
rElec   .          Harm     .    (no cloak)
rCorr   .          Rampage  .    (no gloves)
Will    .....                    (no boots)
Stlth   ++........               s - amulet of reflection
HPRegen 0.25/turn                q - ring of positive energy
MPRegen 0.11/turn                (no ring)

@: slowed, very slow
A: claws 1, powered by death 2
a: no special abilities


You were on level 3 of the Dungeon.
You visited 1 branch of the dungeon, and saw 3 of its levels.

You collected 232 gold pieces.

Inventory:

Hand Weapons
 d - a +0 dagger
 p - a +0 mace
 t - a +0 spear
 x - a +0 rapier
 A - a +2 whip of electrocution (weapon)
Missiles
 e - 33 stones
Armour
 a - a +0 robe (worn)
 m - an orb of mayhem
Jewellery
 q - a ring of positive energy (left claw)
 s - an amulet of reflection (around neck)
Scrolls
 c - a scroll of immolation {unknown}
 f - 2 scrolls of fear {unknown}
 h - 4 scrolls of identify {unknown}
 j - 2 scrolls of vulnerability {unknown}
 k - a scroll of noise {unknown}
 l - a scroll of teleportation {unknown}
 n - a scroll of enchant armour {unknown}
 o - a scroll of summoning {unknown}
 r - a scroll of enchant weapon {unknown}
 v - a scroll of magic mapping {unknown}
 y - a scroll of acquirement {unknown}
Potions
 b - a potion of magic
 g - 2 potions of heal wounds {unknown}
 i - a potion of degeneration {unknown}
 u - a potion of flight {unknown}
 w - 2 potions of attraction {unknown}
 z - 2 potions of lignification {unknown}
 B - a potion of brilliance {unknown}


   Skills:
 + Level 0.1 Fighting
 + Level 2.1 Dodging
 + Level 2.0 Stealth
 + Level 2.8 Spellcasting
 + Level 4.4 Ice Magic


You had 7 spell levels left.
You knew the following spells:

 Your Spells              Type           Power      Damage    Failure   Level
a - Freeze                Ice            72%        1d8       2%          1

Your spell library contained the following spells:

 Spells                   Type           Power      Damage    Failure   Level
 Frozen Ramparts          Ice            36%        1d6       8%          3
 Ozocubu's Armour         Ice            18%        N/A       8%          3
 Summon Ice Beast         Ice/Summ       10%        N/A       54%         4


Dungeon Overview and Level Annotations

Branches:
Dungeon (3/15)

Altars:

Annotations:
D:3 Natasha


Innate Abilities, Weirdness & Mutations

You have sharp fingernails.
You regenerate health from kills.


Message History

Unknown command.
Unknown command.
You hit the adder.
You kill the adder!
Natasha wildly gestures.
You feel troubled.
You see here the felid corpse of Natasha.
You hit Natasha but do no damage. Natasha claws you.
Natasha stares at you and mumbles some strange words.
You feel yourself slow down.
You miss Natasha. Natasha claws you.
Natasha howls an incantation.
Natasha shimmers violently.
Natasha barely misses you.
Natasha wildly gestures.
Natasha's front paws start to glow.
Natasha claws you but does no damage.
You barely miss Natasha. You block Natasha's attack.
Natasha claws you but does no damage.
You miss Natasha. Natasha casts a spell at you. You resist with some effort.
Natasha stares at you and mumbles some strange words.
You resist with some effort.
You barely miss Natasha.
Natasha mumbles some strange words.
You block Natasha's attack. x2
You barely miss Natasha. Natasha claws you.
Natasha mumbles some strange words.
The white imp gestures at you. The puff of frost hits you!
* * * LOW HITPOINT WARNING * * *
You closely miss Natasha. Natasha claws you.
* * * LOW HITPOINT WARNING * * *
The white imp gestures at you. The puff of frost misses you.
Natasha stares at you and mumbles some strange words.
You feel as though you will be slow longer.
Natasha casts a spell at you. The magic dart hits you!
You die...

#............#
#............# ...
##............# ## ...
....#+#...........# ....
....# #......##.........
....# ######.# ##.#.....
....# ..# .......
....#############5......
.............[..@h......
###.##############5..>..
#.# ....# #.# #### #.#
###.# ....# #####


You could see Natasha (fast) and 2 white imps.

Vanquished Creatures
  Natasha (D:3)
  An adder (D:3)
  A worm (D:2)
  A dart slug (D:1)
  An orc (D:3)
  6 bats
  3 endoplasms
  2 goblins (D:1)
  A hobgoblin (D:1)
  5 quokkas
  5 ball pythons
  5 frilled lizards
  4 kobolds (D:1)
  3 rats
39 creatures vanquished.

Notes
Turn   | Place    | Note
-------+----------+-------------------------------------------
     0 | D:1      | rogsnak the Demonspawn Ice Elementalist began the quest for
                  | the Orb.
     0 | D:1      | Reached XP level 1. HP: 13/13 MP: 3/3
    27 | D:1      | Found a faded altar of an unknown god.
   375 | D:1      | Gained mutation: You regenerate a little health from kills.
                  | [demonic ancestry]
   375 | D:1      | Reached XP level 2. HP: 19/19 MP: 0/5
   454 | D:1      | Reached skill level 4 in Ice Magic
   518 | D:1      | You fall into a shaft and drop 1 floor!
  1216 | D:1      | Gained mutation: You have sharp fingernails. [demonic
                  | ancestry]
  1216 | D:1      | Reached XP level 3. HP: 24/24 MP: 3/6
  2317 | D:3      | Noticed Natasha
  2322 | D:3      | Killed Natasha
  2323 | D:3      | Gained mutation: You regenerate health from kills. [demonic
                  | ancestry]
  2323 | D:3      | Reached XP level 4. HP: 30/30 MP: 3/8
  2323 | D:3      | Noticed Natasha
  2334 | D:3      | Killed from afar by Natasha

Illustrated notes

Levels and vault maps discovered:
D:1:      mrwooster_arrival_statue_2, layout_basic,
          ebering_ecumenical_altar_webs
D:2:      layout_loops_cross
D:3:      layout_basic, mainiacjoe_overflow_six_doors_small, uniq_natasha

Skill      XL: |  1  2  3 |
---------------+----------+-----
Ice Magic      | 4 |  4.4
Dodging        | 2 |  2.1
Stealth        | 2 |  2.0
Fighting       | |  0.1
Spellcasting   | |  2.8

Action                   |  1- 3 |  4- 6 || total
-------------------------+-------+-------++-------
Melee: Dagger            |    20 |       ||    20
       Rapier            |    10 |       ||    10
       Whip              |     6 |     8 ||    14
 Cast: Freeze            |    50 |     3 ||    53
 Stab: Sleeping          |     3 |       ||     3
Armor: Robe              |    14 |     2 ||    16
Dodge: Dodged            |    32 |     4 ||    36
Block: Other             |     6 |     3 ||     9

Table legend: (Time is in decaauts)
 A = Elapsed time spent in this place.
 B = Non-inter-level travel time spent in this place.
 C = Inter-level travel time spent in this place.
 D = Time resting spent in this place.
 E = Time spent auto-exploring this place.
 F = Levels seen in this place.
 G = Mean time per level.
                   A        B        C        D        E       F      G
               +--------+--------+--------+--------+--------+-----+--------+
         Total |   2336 |   2280 |     56 |      0 |   1867 |   3 |  778.7 |
       Dungeon |   2336 |   2280 |     56 |      0 |   1867 |   3 |  778.7 |
               +--------+--------+--------+--------+--------+-----+--------+

Top non-repeatable levels by time:
     D:1: 1263 daAuts
     D:2: 694 daAuts
     D:3: 378 daAuts
